 Dungeon Crawl Stone Soup version 0.28-a0-1117-g0bdd5ba030 (webtiles) character file.

Game seed: 11428658852811192518

548 anonymouscript the Poker (level 7, -6/60 HPs)
             Began as a Minotaur Wanderer on Dec 11, 2021.
             Was a Believer of Qazlal.
             Mangled by a gnoll (7 damage)
             ... on level 5 of the Dungeon on Dec 12, 2021.
             The game lasted 00:30:22 (2776 turns).

anonymouscript the Poker (Minotaur Wanderer)        Turns: 2776, Time: 00:30:24

Health: -6/60      AC:  4    Str: 19    XL:     7   Next: 7%
Magic:  8/10       EV: 11    Int:  9    God:    Qazlal [**....]
Gold:   40         SH:  6    Dex:  9    Spells: 10/11 levels left

rFire   x . .      SeeInvis .   m - +5 trident (venom)
rCold   + . .      Faith    .   d - +0 buckler
rNeg    . . .      Spirit   .   c - +0 robe
rPois   .          Reflect  .   u - +2 hat
rElec   .          Harm     .   (no cloak)
rCorr   .          Rampage  .   (no gloves)
Will    .....                   (no boots)
Stlth   +.........              (no amulet)
HPRegen 0.20/turn               e - ring of ice
MPRegen 0.12/turn               (no ring)

@: no status effects
A: horns 2, retaliatory headbutt
a: Renounce Religion, Upheaval


You were on level 5 of the Dungeon.
You worshipped Qazlal.
Qazlal was pleased with you.
You visited 1 branch of the dungeon, and saw 5 of its levels.

You collected 40 gold pieces.

Inventory:

Hand Weapons
 a - a +2 spear
 l - a +0 mace
 m - a +5 trident of venom (weapon)
 r - a +4 glaive of protection
 s - a +0 scythe
Missiles
 h - 59 stones (quivered)
 j - 2 boomerangs
 k - 36 bolts
Armour
 c - a +0 robe (worn)
 d - a +0 buckler (worn)
 f - a +0 chain mail
 p - a +1 helmet
 u - a +2 hat (worn)
Jewellery
 e - a ring of ice (left hand)
Scrolls
 b - 2 scrolls of identify {unknown}
 n - a scroll of silence
 o - 2 scrolls of teleportation {unknown}
 t - a scroll of enchant weapon {unknown}
Potions
 g - a potion of degeneration {unknown}
 i - 2 potions of heal wounds {unknown}
 q - a potion of lignification {unknown}


   Skills:
 + Level 4.3 Fighting
 + Level 5.8 Polearms
 + Level 1.7 Throwing
 + Level 1.9 Dodging
 - Level 0.1 Stealth
 + Level 1.7 Shields
 + Level 2.8 Spellcasting
 + Level 1.8 Conjurations
 * Level 2.1 Invocations


You had 10 spell levels left.
You knew the following spells:

 Your Spells              Type           Power      Damage    Failure   Level
a - Pain                  Necr           4%         1d4       38%         1

Your spell library contained the following spells:

 Spells                   Type           Power      Damage    Failure   Level
 Corpse Rot               Necr/Air       2%         N/A       52%         2
 Sublimation of Blood     Necr           1%         N/A       52%         2
 Agony                    Necr           1%         N/A       100%        5
 Excruciating Wounds      Necr           0%         N/A       100%        5


Dungeon Overview and Level Annotations

Branches:
Dungeon (5/15)
 Temple: D:4-7

Altars:
Qazlal
Uskayaw
Vehumet
The Shining One


Innate Abilities, Weirdness & Mutations

You have a pair of horns on your head.
You reflexively headbutt those who attack you in melee.


Message History

A gnoll comes into view. It is wielding a +0 flail.
The gnoll barely misses you. x2
Okay, then.
Aiming: Upheaval
Press: ? - help, Dir - move target, f/p - gnoll
Aim: a gnoll, wielding a +0 halberd Magma suddenly erupts from the ground!
The blast of magma engulfs the gnoll!!
You kill the gnoll!
Qazlal accepts your kill.
The blast of magma engulfs the gnoll!!
You kill the gnoll!
Qazlal accepts your kill. The gnoll closely misses you.
A gnoll comes into view. It is wielding a +0 flail.
You block the gnoll's attack. You block the gnoll's attack.
The gnoll hits you from afar with a +0 halberd.
Found a scroll labelled VOOGAY QUUMIYM.
The gnoll hits you from afar with a +0 spear.
An adder comes into view.
The gnoll hits you from afar with a +0 halberd!
* * * LOW HITPOINT WARNING * * *
The adder hisses angrily.
You block the gnoll's attack.
A gnoll comes into view. It is wielding a +0 whip.
The wyvern closely misses you. You furiously retaliate!
You headbutt the wyvern, but do no damage.
The gnoll completely misses you. You block the adder's attack.
The adder closely misses you. The wyvern bites you.
* * * LOW HITPOINT WARNING * * *
There is an escape hatch in the ceiling here.
The wyvern bites you.
* * * LOW HITPOINT WARNING * * *
You block the adder's attack.
The gnoll hits you from afar with a +0 spear.
* * * LOW HITPOINT WARNING * * *
The gnoll hits you from afar with a +0 halberd!
You die...

..................
..................
......).†.........
..##.†.)..........
#..#.#g........#
#..###.gl.......
... ##.g○g....##
......#..Sl.......
.........☼@.......
...?...g..####..
..........#
.......####
....... .......
...... .....


You could see a wyvern, an iguana, 5 gnolls and an adder.

Vanquished Creatures
  Sigmund (D:4)
  A necrophage (D:4)
  A howler monkey (D:4)
  A hound (D:5)
  Natasha (twice) (D:3)
  An iguana (D:4)
  Robin (D:3)
  3 gnolls
  3 adders
  An adder skeleton (D:4)
  A worm (D:2)
  3 dart slugs
  6 endoplasms
  3 giant cockroaches
  17 goblins
  6 hobgoblins
  2 jackals (D:1)
  4 quokkas
  7 ball pythons
  2 bats
  5 frilled lizards
  3 kobolds
  2 rats
76 creatures vanquished.

Notes
Turn   | Place    | Note
-------+----------+-------------------------------------------
     0 | D:1      | anonymouscript the Minotaur Wanderer began the quest for
                  | the Orb.
     0 | D:1      | anonymouscript set off with the following items: a +2
                  | spear, a potion of curing, a +0 robe; and the following
                  | spells available to memorise: Corpse Rot, Sublimation of
                  | Blood
     0 | D:1      | Reached XP level 1. HP: 18/18 MP: 2/2
   243 | D:1      | Reached XP level 2. HP: 23/25 MP: 4/4
   451 | D:1      | Found a faded altar of an unknown god.
   472 | D:1      | Prayed at the altar of an unknown god.
   472 | D:1      | Became a worshipper of Qazlal Stormbringer
   472 | D:1      | Reached * piety under Qazlal
   504 | D:1      | Reached XP level 3. HP: 13/30 MP: 6/6
   772 | D:1      | Reached skill level 2 in Polearms
   942 | D:2      | Found a radiant altar of Vehumet.
  1000 | D:2      | Reached XP level 4. HP: 37/38 MP: 7/7
  1233 | D:3      | Found a hide-covered altar of Uskayaw.
  1474 | D:3      | Noticed Robin
  1494 | D:3      | Reached ** piety under Qazlal
  1502 | D:3      | Killed Robin
  1503 | D:3      | Reached skill level 3 in Polearms
  1753 | D:3      | Found a glowing golden altar of the Shining One.
  1753 | D:3      | Noticed Natasha
  1759 | D:3      | Killed Natasha
  1760 | D:3      | Reached skill level 1 in Dodging
  1945 | D:3      | Reached XP level 5. HP: 39/45 MP: 8/8
  1961 | D:3      | Noticed Natasha
  1971 | D:3      | Killed Natasha
  2237 | D:4      | Noticed a necrophage
  2287 | D:4      | Learned a level 1 spell: Pain
  2328 | D:4      | Identified 3 scrolls of acquirement
  2328 | D:4      | Acquired a +4 glaive of protection
  2362 | D:4      | Reached skill level 4 in Polearms
  2388 | D:4      | Killed a necrophage
  2389 | D:4      | Reached skill level 1 in Invocations
  2389 | D:4      | Reached XP level 6. HP: 23/52 MP: 9/9
  2601 | D:4      | Noticed Sigmund
  2615 | D:4      | Killed Sigmund
  2616 | D:4      | Reached skill level 5 in Polearms
  2713 | D:4      | Acquired a +2 hat
  2720 | D:4      | Acquired a +5 trident of venom
  2752 | D:5      | Entered Level 5 of the Dungeon
  2761 | D:5      | Reached XP level 7. HP: 52/59 MP: 10/10
  2765 | D:5      | Noticed a wyvern
  2776 | D:5      | HP: 1/60 [gnoll (5)]
  2776 | D:5      | Mangled by a gnoll

Illustrated notes

Levels and vault maps discovered:
D:1:      minmay_arrival_four_loops, layout_basic,
          shapermc_ecumenical_altar_totnotflames
D:2:      layout_basic, basic_altar
D:3:      layout_loops_corners, nicolae_uskayaw_dance_hall,
          mainiacjoe_overflow_alcove_2, uniq_natasha, uniq_robin
D:4:      layout_rooms, kennysheep_small_circle, uniq_sigmund
D:5:      layout_cave_pools, uniq_grinder

Skill      XL: |  1  2  3  4  5  6 |
---------------+-------------------+-----
Polearms       | 2 3 4 5 |  5.8
Fighting       | 3 4 |  4.3
Dodging        | 1 |  1.9
Invocations    | 1 2 |  2.1
Throwing       | |  1.7
Stealth        | |  0.1
Shields        | |  1.7
Spellcasting   | |  2.8
Conjurations   | |  1.8

Action                   |  1- 3 |  4- 6 |  7- 9 || total
-------------------------+-------+-------+-------++-------
Melee: Spear             |    83 |    81 |       ||   164
       Headbutt          |     9 |    11 |       ||    20
       Glaive            |       |    24 |       ||    24
       Trident           |       |     7 |     2 ||     9
Throw: Stone             |    17 |    10 |       ||    27
Invok: Upheaval          |       |       |     1 ||     1
  Use: Potion            |     1 |       |       ||     1
       Scroll            |       |     4 |       ||     4
Armor: Robe              |     9 |     9 |       ||    18
Dodge: Dodged            |    18 |    53 |     9 ||    80
Block: Other             |     1 |    10 |       ||    11
       Buckler           |       |     4 |     6 ||    10

Table legend: (Time is in decaauts)
 A = Elapsed time spent in this place.
 B = Non-inter-level travel time spent in this place.
 C = Inter-level travel time spent in this place.
 D = Time resting spent in this place.
 E = Time spent auto-exploring this place.
 F = Levels seen in this place.
 G = Mean time per level.
                   A        B        C        D        E       F      G
               +--------+--------+--------+--------+--------+-----+--------+
         Total |   2799 |   2799 |      0 |    565 |   1079 |   5 |  559.8 |
       Dungeon |   2799 |   2799 |      0 |    565 |   1079 |   5 |  559.8 |
               +--------+--------+--------+--------+--------+-----+--------+

Top non-repeatable levels by time:
     D:3: 1256 daAuts
     D:1: 817 daAuts
     D:4: 496 daAuts
     D:2: 204 daAuts
     D:5: 24 daAuts
